 Dungeon Crawl Stone Soup version 0.30-a0-371-gad7725a93e (webtiles) character file.

Game seed: 15891685523038203630

10 MackTheKnife the Grasshopper (level 2, -1/25 HPs)
             Began as an Armataur Warper on Nov 21, 2022.
             Slain by a gnoll
             ... wielding a +0 spear
              (7 damage)
             ... on level 1 of the Dungeon.
             The game lasted 00:03:09 (177 turns).

MackTheKnife the Grasshopper (Armataur Warper)       Turns: 177, Time: 00:03:10

Health: -1/25      AC:  4    Str: 16    XL:     2   Next: 10%
Magic:  4/4        EV:  9    Int: 13    God:
Gold:   0          SH:  0    Dex:  9    Spells: 4/4 levels left

rFire   . . .      SeeInvis .    a - +0 mace {mace}
rCold   . . .      Faith    .    (no shield)
rNeg    . . .      Spirit   .    b - +0 leather armour
rPois   .          Reflect  .    (no helmet)
rElec   .          Harm     .    (no cloak)
rCorr   .          Roll     +    (no gloves)
Will    .....                    (no barding)
Stlth   +.........               (no amulet)
HPRegen 0.24/turn                (no ring)
MPRegen 0.09/turn                (no ring)

@: no status effects
A: large, rugged brown scales 3, deformed body, armoured tail, roll, long
tongue, awkward tongue
a: no special abilities


You were on level 1 of the Dungeon.
You visited 1 branch of the dungeon, and saw 1 of its levels.


Innate Abilities, Weirdness & Mutations

You are completely covered in rugged brown scales. (AC +3, +7% HP)
Armour fits poorly on your strangely shaped body.
You have a long armoured tail.
You roll when moving toward enemies. (Rampage)
Your long tongue fully drains potion bottles. (2x potion effects)
Your tongue gives you trouble enunciating. (1.5x scroll delay)


   Skills:
 - Level 1.7 Fighting
 + Level 2.5 Maces & Flails
 - Level 0.8 Throwing
 - Level 1.2 Armour
 - Level 1.3 Dodging
 - Level 1.7 Spellcasting
 - Level 3.0 Translocations


You had 4 spell levels left.
You didn't know any spells.
Your spell library contained the following spells:

 Spells                   Type           Power      Damage    Failure   Level
 Blink                    Tloc           16%        N/A       14%         2
 Lesser Beckoning         Tloc           16%        N/A       28%         3
 Teleport Other           Tloc           8%         N/A       28%         3
 Vhi's Electric Charge    Tloc/Air       10%        N/A       45%         3
 Manifold Assault         Tloc           8%         N/A       67%         4

Inventory:

Hand Weapons
 a - a +0 mace (weapon) {mace}
Missiles
 d - 7 boomerangs of dispersal (quivered) {=f!fthrowing}
 e - 4 stones {throwing}
Armour
 b - a +0 leather armour (worn)
Jewellery
 g - a ring of wizardry
   (You found it on level 1 of the Dungeon)
Scrolls
 c - a scroll of blinking {!r}
Potions
 f - a potion of curing {unknown}

Dungeon Overview and Level Annotations

Branches:
Dungeon (1/15) Zot: 5813

Altars:

......§.......#.# #.#
.....###....#.#.# #.#
....## #†####.#(# #.#
...## #.# #.#.# #.#
#### #.#
########.####### #.#
#≈≈≈≈≈≈≈.≈≈≈≈≈≈≈ #.#
#≈≈≈≈≈.....≈≈≈≈≈ #.#
#≈≈....~~~....≈≈ #.#
#≈..@g~~.~~~...≈
#.#......~~~.<..~~..≈
#.#..#≈...~~~.~~~...≈
..#. #≈≈....~~~....≈≈
# #≈≈≈≈≈.....≈≈≈≈≈
#≈≈≈≈≈≈≈≈≈≈≈≈≈≈≈
################


You could see a gnoll.


Message History

You closely miss the jackal.
Your tail-slap misses the jackal.
The jackal bites you. 😕 HP[-1]
You take 1 damage, and now have 17/18 hp.
You barely miss the jackal.
The jackal bites you but does no damage. x2
You sock the jackal!
You kill the jackal!
The giant cockroach waves its antennae.
The giant cockroach bites you.
You hit the giant cockroach.
You kill the giant cockroach!
You have reached level 2! 😕 HP[+7] MP[+1]
You now have 25 max hp (+7).
You regained 7 hp, and now have 24/25 hp.
Your mp is fully restored (4).
You see here a giant cockroach corpse. 😎 HP[+1]
Your hp is fully restored (25).
A kobold comes into view. It is wielding a +0 dagger.
The kobold shouts!
A gnoll comes into view. It is wielding a +0 spear.
An endoplasm comes into view.
The gnoll shouts!
The endoplasm quivers.
You see here a ring of wizardry.
g - a ring of wizardry A quokka comes into view.
You roll towards the endoplasm!
You hit the endoplasm.
The endoplasm hits you but does no damage.
The endoplasm attacks as you move away!
The endoplasm hits you but does no damage.
You hit the endoplasm but do no damage. The endoplasm barely misses you.
You hit the endoplasm. The endoplasm freezes you.
You are frozen.
The endoplasm hits you. 😕 HP[-6]
You take 6 damage, and now have 19/25 hp.
MASSIVE DAMAGE!! (PAUSE)
You sock the endoplasm!
You kill the endoplasm!
You barely miss the kobold.
The kobold hits you with a +0 dagger. 😮 HP[-1]
You take 1 damage, and now have 18/25 hp.
You hit the kobold but do no damage. The kobold closely misses you.
You closely miss the kobold. The kobold barely misses you.
The kobold hits you but does no damage.
You completely miss the kobold. The kobold closely misses you.
You hit the kobold.
You kill the kobold! 😕 HP[+1]
You completely miss the quokka. The quokka barely misses you.
The gnoll barely misses you.
The quokka bites you but does no damage.
You miss the quokka. You tail-slap the quokka.
The gnoll hits you from afar with a +0 spear.
The quokka bites you but does no damage.
The gnoll hits you from afar with a +0 spear. 😮 HP[-5]
You take 5 damage, and now have 14/25 hp.
You closely miss the quokka.
The quokka bites you but does no damage.
The gnoll hits you from afar with a +0 spear!
* * * LOW HITPOINT WARNING * * *
The quokka closely misses you. 😨 HP[-7]
You take 7 damage, and now have 7/25 hp.
MASSIVE DAMAGE!! (PAUSE)
The quokka attacks as you move away! The quokka bites you.
* * * LOW HITPOINT WARNING * * *
😱 HP[-2]
You take 2 damage, and now have 5/25 hp.
Unknown command.
The quokka enters a dispersal trap!
The gnoll blinks!
You blink.
The quokka blinks!
The gnoll hits you but does no damage.
Unknown command.
Unknown command.
Unknown command.
Okay, then.
Unknown command.
Okay, then.
You aren't carrying any items that you can evoke.
Unknown command. 😱 HP[+1] 😨 HP[+1]
You see here a rat corpse. 😨 HP[+1] 😨 HP[+1] 😨 HP[+1]
You roll towards the gnoll!
The gnoll hits you with a +0 spear.
* * * LOW HITPOINT WARNING * * *
😱 HP[-5]
You take 5 damage, and now have 5/25 hp.
You hit the gnoll. The gnoll closely misses you.
The gnoll splashes around in the water. 😱 HP[+1]
You hit the gnoll. The gnoll hits you with a +0 spear!
You die...

Skill      XL: |  1 |
---------------+----+-----
Maces & Flails | 2 |  2.5
Fighting       | |  1.7
Throwing       | |  0.8
Armour         | |  1.2
Dodging        | |  1.3
Spellcasting   | |  1.7
Translocations | |  3.0

Action                   || total
-------------------------++-------
Melee: Mace              ||    30
       Tailslap          ||     2
Armor: Leather armour    ||    10
Dodge: Dodged            ||    14

Levels and vault maps discovered:
D:1:      dpeg_arrival_shrine, layout_loops_ring, minmay_nonomino_d4

Notes
Turn   | Place    | Note
-------+----------+-------------------------------------------
     0 | D:1      | MackTheKnife the Armataur Warper began the quest for the
                  | Orb.
     0 | D:1      | Reached XP level 1. HP: 18/18 MP: 3/3
     0 | D:1      | magus.rc [v1.9.6]
    33 | D:1      | Reached skill level 2 in Maces & Flails
   110 | D:1      | Reached XP level 2. HP: 24/25 MP: 4/4
   152 | D:1      | HP: 5/25 [quokka (2)]
   175 | D:1      | HP: 5/25 [gnoll/+0 spear (5)]
   177 | D:1      | Slain by a gnoll

Vanquished Creatures
  2 endoplasms (D:1)
  A giant cockroach (D:1)
  3 jackals (D:1)
  2 kobolds (D:1)
  A rat (D:1)
9 creatures vanquished.

Table legend:
 A = Non-vault XP
 B = Vault XP
 C = Vault XP percentage of total XP
 D = Non-vault monster count
 E = Vault monster count
 F = Vault count percentage of total count
                 A         B        C        D         E       F
            +---------+---------+-------+---------+---------+-------
      Total |      15 |       0 |   0.0 |       9 |       0 |   0.0
            +---------+---------+-------+---------+---------+-------
        D:1 |      15 |       0 |   0.0 |       9 |       0 |   0.0
            +---------+---------+-------+---------+---------+-------

Illustrated notes

Table legend:
 A = Kills in this place as a percentage of kills in entire the game.
 B = Kills by you in this place as a percentage of kills by you in the entire game.
 C = Kills by friends in this place as a percentage of kills by friends in the entire game.
 D = Other kills in this place as a percentage of other kills in the entire game.
 E = Experience gained in this place as a percentage of experience gained in the entire game.
 F = Experience gained in this place divided by the number of levels of this place that you have seen.
                   A       B       C       D       E      F
               +-------+-------+-------+-------+-------+----------------------
         Total | 100.0 | 100.0 |   N/A |   N/A | 100.0 |  15.0
       Dungeon | 100.0 | 100.0 |   N/A |   N/A | 100.0 |  15.0
               +-------+-------+-------+-------+-------+----------------------

Table legend: (Time is in decaauts)
 A = Elapsed time spent in this place.
 B = Non-inter-level travel time spent in this place.
 C = Inter-level travel time spent in this place.
 D = Time resting spent in this place.
 E = Time spent auto-exploring this place.
 F = Levels seen in this place.
 G = Mean time per level.
                   A        B        C        D        E       F      G
               +--------+--------+--------+--------+--------+-----+--------+
         Total |    185 |    185 |      0 |      0 |     42 |   1 |  185.0 |
       Dungeon |    185 |    185 |      0 |      0 |     42 |   1 |  185.0 |
               +--------+--------+--------+--------+--------+-----+--------+

Top non-repeatable levels by time:
     D:1: 185 daAuts
